 Dungeon Crawl Stone Soup version 0.27.0-1-g7a089689b8 (webtiles) character file.

Game seed: 10653189035198194346

106248 SnakkuSnakku7 the Severer (level 15, -1/138 HPs)
             Began as a Deep Dwarf Hedge Wizard on Aug 6, 2021.
             Was the Champion of Makhleb.
             Slain by a wolf spider (13 damage)
             ... on level 1 of the Spider Nest.
             The game lasted 00:41:40 (19066 turns).

SnakkuSnakku7 the Severer (DDWz)                   Turns: 19066, Time: 00:41:41

Health: -1/138     AC: 27    Str: 27    XL:     15   Next: 97%
Magic:  0/0        EV:  8    Int: 12    God:    Makhleb [******]
Gold:   1747       SH:  0    Dex: 12    Spells: 19/19 levels left

rFire    + + .     SeeInvis .   b - +4 battleaxe (freeze)
rCold    . . .     Faith    .   (shield currently unavailable)
rNeg     + + .     Spirit   .   F - +2 plate armour {rF+}
rPois    +         Reflect  .   j - +1 helmet
rElec    .         Harm     .   z - +0 cloak
rCorr    +         Rampage  .   l - +2 pair of gloves
Will     ++...                  e - +2 pair of boots
Stlth    ..........             (no amulet)
HPRegen  0.00/turn              t - ring of resist corrosion
MPRegen  0.07/turn              G - ring "Xaqulois" {rPois rF+ rN+ Str+6 Int-2}

@: no status effects
A: damage resistance, heal wounds, negative energy resistance 1, sense
surroundings 2, no regeneration
a: Heal Wounds, Renounce Religion, Minor Destruction, Lesser Servant of Makhleb,
Major Destruction, Greater Servant of Makhleb


You were on level 1 of the Spider Nest.
You worshipped Makhleb.
Makhleb was exalted by your worship.
You visited 5 branches of the dungeon, and saw 24 of its levels.
You also visited: Sewer, Bailey and Ice Cave.

You collected 3559 gold pieces.
You spent 1812 gold pieces at shops.

Inventory:

Hand Weapons
 a - the +7 war axe of Wrongful Imprisonment {flame, rF+ SInv}
   (You found it on level 8 of the Dungeon)

   It burns those it strikes, dealing additional fire damage.
   Big, fiery blades are also staple armaments of hydra-hunters.
   rF:        It protects you from fire.
   SInv:      It lets you see invisible.
 b - a +4 battleaxe of freezing (weapon)
Missiles
 k - 99 poisoned darts (quivered)
 w - 2 throwing nets
Armour
 e - a +2 pair of boots (worn)
 j - a +1 helmet (worn)
 l - a +2 pair of gloves (worn)
 z - a +0 cloak (worn)
 B - a +0 buckler
 F - a +2 plate armour of fire resistance (worn)
Jewellery
 t - a ring of resist corrosion (left hand)
 C - a ring of ice
 G - the ring "Xaqulois" (right hand) {rPois rF+ rN+ Str+6 Int-2}
   (You bought it in a shop on level 13 of the Dungeon)

   [ring of strength]

   Str:       It affects your strength (+6).
   Int:       It affects your intelligence (-2).
   rF:        It protects you from fire.
   rPois:     It protects you from poison.
   rN:        It protects you from negative energy.
 J - the ring "Bieggon" {Will+ Dex+6}
   (You took it off an ogre mage on level 13 of the Dungeon)

   [ring of dexterity]

   Dex:       It affects your dexterity (+6).
   Will:      It increases your willpower.
 K - a ring of protection from fire
Wands
 x - a wand of iceblast (31)
 E - a wand of flame (29)
 H - a wand of digging (3)
 L - a wand of charming (21)
Scrolls
 c - 3 scrolls of magic mapping
 f - 2 scrolls of identify
 m - 5 scrolls of fog
 s - 3 scrolls of blinking
 v - 3 scrolls of immolation
 y - 7 scrolls of fear
 A - a scroll of holy word
 D - 8 scrolls of teleportation
Potions
 g - a potion of haste
 h - 3 potions of resistance
 i - a potion of attraction
 n - 5 potions of curing
 o - 3 potions of cancellation
 p - 2 potions of magic
 q - 7 potions of mutation
 r - 5 potions of brilliance
 u - 2 potions of might
Miscellaneous
 I - a phantom mirror (inert)


   Skills:
 - Level 10.1 Fighting
 - Level 9.0 Long Blades
 - Level 20.0 Axes
 - Level 3.9 Throwing
 - Level 10.0 Armour
 - Level 2.1 Dodging
 - Level 2.4 Stealth
 - Level 8.0 Shields
 - Level 2.6 Spellcasting
 - Level 0.8 Conjurations
 - Level 0.8 Summonings
 - Level 1.1 Translocations
 + Level 13.2 Invocations


You had 19 spell levels left.
You didn't know any spells.
Your spell library contained the following spells:

 Spells                   Type           Power      Damage    Failure   Level
 Apportation              Tloc           8%         N/A       80%         1
 Magic Dart               Conj           12%        1d3       83%         1
 Animate Skeleton         Necr           2%         N/A       91%         1
 Pain                     Necr           4%         1d4       91%         1
 Blink                    Tloc           N/A        N/A       91%         2
 Call Imp                 Summ           3%         N/A       93%         2
 Slow                     Hex            1%         N/A       97%         2
 Conjure Flame            Conj/Fire      2%         6-21      99%         3
 Lesser Beckoning         Tloc           2%         N/A       99%         3
 Mephitic Cloud           Conj/Pois/Air  2%         N/A       99%         3
 Portal Projectile        Hex/Tloc       4%         N/A       99%         3
 Confusing Touch          Hex            1%         N/A       100%        3
 Frozen Ramparts          Ice            2%         1d2       100%        3
 Vampiric Draining        Necr           0%         2d6       100%        3
 Cause Fear               Hex            0%         N/A       100%        4
 Hailstorm                Conj/Ice       2%         3d3       100%        4
 Ice Form                 Ice/Tmut       1%         N/A       100%        4
 Passage of Golubria      Tloc           N/A        N/A       100%        4
 Summon Ice Beast         Ice/Summ       2%         N/A       100%        4
 Alistair's Intoxication  Tmut/Pois      0%         N/A       100%        5
 Borgnjor's Vile Clutch   Necr/Erth      0%         N/A       100%        5
 Manifold Assault         Tloc           4%         N/A       100%        5
 Yara's Violent Unravell  Hex/Tmut       0%         3d3       100%        5
 Dispersal                Tloc           2%         N/A       100%        6
 Eringya's Noxious Bog    Tmut/Pois      0%         N/A       100%        6
 Invisibility             Hex            0%         N/A       100%        6
 Simulacrum               Ice/Necr       0%         N/A       100%        6


Dungeon Overview and Level Annotations

Branches:
Dungeon (14/15)            Temple (1/1) D:7            Lair (6/6) D:11
  Swamp (0/4) Lair:2       Spider (1/4) Lair:3        Slime (0/5) Lair:6
    Orc (2/2) D:10            Elf (0/3) Orc:2         Sewer (visited)
 Bailey (visited)           IceCv (visited)
 Vaults: D:13-14

Altars:
Ashenzari
Elyvilon
Fedhas
Gozag
Kikubaaqudgha
Makhleb
Sif Muna
Trog
Yredelemnul
The Shining One
Beogh
Jiyva

Shops:
D:2 [   D:6 (   D:10 :   D:13 =   Orc:2 :[?:

Annotations:
D:12 2 transporters, esper6's ghost, journeyman DgCj
D:13 2 transporters, Buchaag's ghost, novice MiMo
D:14 Jorgrun
Lair:4 exclusion: oklob plant
Orc:1 2 transporters


Innate Abilities, Weirdness & Mutations

You are resistant to damage.
You can heal yourself by infusing magical energy.
You resist negative energy. (rN+)
You passively map the area around you.
You do not regenerate.


Message History

Found a shiny scale mail.
s - 3 scrolls of blinking (gained 1)
A wolf spider comes into view.
The wolf spider hisses angrily.
You barely miss the wolf spider. The wolf spider barely misses you.
The wolf spider closely misses you.
You closely miss the wolf spider. The wolf spider barely misses you.
The wolf spider bites you.
* * * LOW HITPOINT WARNING * * *
You hit the wolf spider. You freeze the wolf spider.
The wolf spider is lightly wounded.
The wolf spider barely misses you. x2
You slice the wolf spider!! You freeze the wolf spider!
The wolf spider is heavily wounded.
The wolf spider barely misses you.
The wolf spider bites you but does no damage.
You barely miss the wolf spider.
The wolf spider is heavily wounded.
The wolf spider hits you!
* * * LOW HITPOINT WARNING * * *
The wolf spider bites you.
* * * LOW HITPOINT WARNING * * *
You hit the wolf spider but do no damage.
The wolf spider is heavily wounded.
The wolf spider hits you.
* * * LOW HITPOINT WARNING * * *
The wolf spider bites you!
* * * LOW HITPOINT WARNING * * *
You hit the wolf spider. You freeze the wolf spider.
The wolf spider is severely wounded.
The wolf spider closely misses you.
The wolf spider bites you but does no damage.
You closely miss the wolf spider.
The wolf spider is severely wounded.
The wolf spider hits you.
The wolf spider bites you but does no damage.
You closely miss the wolf spider.
The wolf spider is severely wounded.
The wolf spider hits you!
You die...

##.##s# #......##
#^##.####......# ,,
*, #....##.#......#
,,, ,.........#.#.##
, , ,.............#
.#.###..#....# *
#.###.#..).## ,,,
**##..##.......# , ,
#....#..@....# ,
,,#...s....# , , ,
*#........##
,,.......*
##........# ,
....... #........#
** ..s...^*
#........# .......*
#........# ,.......
#........#
.......####........#


You could see a wolf spider.

Vanquished Creatures
  An orc warlord (Orc:1)
  Azrael (D:13)
  Snorg (D:13)
  Josephine (D:11)
  A great orb of eyes (D:13)
  2 catoblepae
  6 hydras
  7 boulder beetles
  An ogre mage (D:13)
  8 centaur warriors (D:13)
  5 two-headed ogres
  An orc high priest (Orc:2)
  10 death yaks
  A fire crab (D:13)
  2 skeletal warriors (D:13)
  2 bog bodies (Lair:2)
  2 lindwurms
  5 orc knights
  8 orc sorcerers
  An orb spider (Spider:1)
  4 deep elf pyromancers
  5 wolf spiders (Spider:1)
  An ugly thing (D:13)
  6 manticores
  4 oklob plants (Lair:6)
  3 cyclopes
  5 elephants (Lair:4)
  5 black mambas
  2 torpor snails
  A gargoyle (D:13)
  11 cane toads
  2 unseen horrors (D:12)
  Psyche (D:12)
  A kobold demonologist (D:11)
  A demonic crawler (Spider:1)
  7 rime drakes
  9 komodo dragons
  A yaktaur (D:12)
  A freezing wraith (D:13)
  8 polar bears
  2 jumping spiders
  16 trolls
  A meliai (shapeshifter) (D:13)
  13 slime creatures
  5 hornets (Lair:6)
  22 blink frogs
  A meliai zombie (D:11)
  A centaur simulacrum (D:12)
  A redback (shapeshifter) (D:13)
  Sigmund (D:5)
  2 tarantellas (Spider:1)
  A vampire (D:12)
  13 spriggans (Lair:6)
  A water elemental (D:11)
  2 shadows (D:12)
  4 wraiths (D:11)
  56 yaks
  3 redbacks (Spider:1)
  5 wyverns
  2 steam dragons
  3 basilisks
  6 fire elementals (D:13)
  A vampire mosquito (D:12)
  A warg (Orc:1)
  6 acid dragons
  3 swamp worms (Lair:2)
  2 hell hounds (D:13)
  10 water moccasins
  A sky beast (D:8)
  4 ice beasts
  34 orc warriors
  4 black bears
  6 boggarts
  A hornet zombie (D:7)
  3 ogres
  38 wolves
  3 centaurs
  2 phantoms
  2 kobold brigands
  19 bullfrogs
  2 gnoll sergeants
  A wyvern zombie (D:9)
  A water moccasin zombie (D:5)
  A scorpion (D:6)
  10 wights
  19 killer bees
  6 howler monkeys
  9 electric eels
  A centaur zombie (D:8)
  A hound (D:4)
  22 orc priests
  3 jellies
  Terence (D:3)
  Natasha (thrice) (D:2)
  30 orc wizards
  A hound skeleton (D:4)
  14 adders
  9 gnolls
  2 howler monkey skeletons (D:6)
  A white imp (D:7)
  3 ufetubi
  4 worms
  2 dart slugs
  73 orcs
  15 ball pythons
  14 endoplasms
  22 giant cockroaches
  4 goblins
  7 hobgoblins
  2 jackals (D:1)
  23 kobolds
  14 quokkas
  7 bats
  14 frilled lizards
  6 rats
792 creatures vanquished.

Vanquished Creatures (collateral kills)
  Louise (D:13)
  A skeletal warrior (D:14)
2 creatures vanquished.

Vanquished Creatures (others)
  Maurice (Orc:2)
  An orc priest (Orc:2)
  28 fungi
  20 plants
50 creatures vanquished.

Grand Total: 844 creatures vanquished

Notes
Turn   | Place    | Note
-------+----------+-------------------------------------------
     0 | D:1      | SnakkuSnakku7 the Deep Dwarf Hedge Wizard began the quest
                  | for the Orb.
     0 | D:1      | Reached XP level 1. HP: 15/15 MP: 4/4
    88 | D:1      | Reached skill level 1 in Fighting
   274 | D:1      | Reached XP level 2. HP: 13/25 MP: 5/5
   818 | D:2      | Noticed Natasha
   853 | D:2      | Killed Natasha
   854 | D:2      | Reached skill level 1 in Throwing
   854 | D:2      | Reached XP level 3. HP: 16/32 MP: 7/7
  1158 | D:2      | Reached XP level 4. HP: 18/39 MP: 8/8
  1199 | D:2      | Found Ydde's Antique Armour Shoppe.
  1206 | D:2      | Noticed Natasha
  1229 | D:2      | Killed Natasha
  1493 | D:2      | Noticed Natasha
  1508 | D:2      | Killed Natasha
  1601 | D:3      | Reached XP level 5. HP: 32/45 MP: 9/9
  1701 | D:3      | Noticed Terence
  1710 | D:3      | Killed Terence
  2088 | D:3      | Reached skill level 1 in Long Blades
  2402 | D:4      | Reached XP level 6. HP: 42/52 MP: 10/10
  2483 | D:4      | Found a glowing drain.
  2517 | Sewer    | Entered a sewer
  2939 | Sewer    | Reached skill level 5 in Long Blades
  2939 | Sewer    | Reached XP level 7. HP: 44/60 MP: 11/11
  3273 | D:4      | Found an opulent altar of Gozag.
  3581 | D:5      | Entered Level 5 of the Dungeon
  3720 | D:5      | Found a glowing golden altar of the Shining One.
  3837 | D:5      | Reached XP level 8. HP: 28/67 MP: 11/11
  3847 | D:5      | Noticed Sigmund
  3888 | D:5      | Killed Sigmund
  3960 | D:5      | Found a shimmering blue altar of Sif Muna.
  4306 | D:6      | Reached skill level 1 in Axes
  4314 | D:6      | Reached skill level 3 in Axes
  4338 | D:6      | Reached skill level 4 in Axes
  4443 | D:6      | Reached skill level 5 in Axes
  4470 | D:6      | Gained mutation: You passively map the area around you.
                  | [Deep Dwarf growth]
  4470 | D:6      | Reached XP level 9. HP: 29/73 MP: 11/11
  4518 | D:6      | Reached skill level 6 in Axes
  4643 | D:6      | Found Butsits's Antique Weapon Shoppe.
  4823 | D:6      | Reached skill level 7 in Axes
  5066 | D:7      | Identified the +10 morningstar of Ragnarok {spect, rF+ rC-
                  | Dex+2}
  5144 | D:7      | Reached skill level 8 in Axes
  5256 | D:7      | Found a staircase to the Ecumenical Temple.
  5265 | Temple   | Entered the Ecumenical Temple
  5278 | Temple   | Became a worshipper of Makhleb the Destroyer
  5531 | D:7      | Reached skill level 9 in Axes
  5782 | D:8      | Identified the +7 war axe of Wrongful Imprisonment {flame,
                  | rF+ SInv}
  5856 | D:8      | Reached skill level 10 in Axes
  5857 | D:8      | Noticed a troll
  5881 | D:8      | Reached * piety under Makhleb
  5889 | D:8      | Killed a troll
  6033 | D:8      | Found a shimmering blue altar of Sif Muna.
  6084 | D:8      | Reached XP level 10. HP: 34/80 MP: 7/7
  6362 | D:8      | Found a broken altar of Ashenzari.
  6365 | D:8      | Found a white marble altar of Elyvilon.
  6591 | D:9      | Reached skill level 11 in Axes
  6714 | D:9      | Reached skill level 12 in Axes
  7020 | D:9      | Reached ** piety under Makhleb
  7144 | D:10     | Entered Level 10 of the Dungeon
  7245 | D:10     | Found a staircase to the Orcish Mines.
  7269 | D:10     | Found Ottifi's Book Emporium.
  7279 | D:10     | Reached skill level 13 in Axes
  7620 | D:10     | Reached skill level 14 in Axes
  7620 | D:10     | Reached XP level 11. HP: 67/86 MP: 5/5
  7681 | D:10     | Reached *** piety under Makhleb
  8053 | D:11     | Noticed a boulder beetle
  8089 | D:11     | Noticed Josephine
  8116 | D:11     | Killed Josephine
  8117 | D:11     | Reached skill level 15 in Axes
  8227 | D:11     | Found a frozen archway.
  8236 | IceCv    | Entered an ice cave
  8236 | IceCv    | Noticed a white ugly thing
  8395 | D:11     | Found a staircase to the Lair.
  8415 | Lair:1   | Entered Level 1 of the Lair of Beasts
  8474 | Lair:1   | Reached skill level 16 in Axes
  8612 | Lair:1   | Reached **** piety under Makhleb
  8646 | Lair:1   | Reached skill level 5 in Fighting
  8862 | Lair:1   | Reached XP level 12. HP: 40/104 MP: 5/5
  9343 | Lair:2   | Noticed a death yak
  9368 | Lair:2   | Noticed a death yak
  9375 | Lair:2   | Killed a death yak
  9379 | Lair:2   | Noticed a death yak
  9385 | Lair:2   | Killed a death yak
  9387 | Lair:2   | Noticed a death yak
  9390 | Lair:2   | Killed a death yak
  9398 | Lair:2   | Killed a death yak
  9662 | Lair:2   | Noticed a catoblepas
  9676 | Lair:2   | Killed a catoblepas
  9789 | Lair:2   | Reached skill level 10 in Fighting
  9859 | Lair:2   | Found a staircase to the Swamp.
  9861 | Lair:2   | Reached ***** piety under Makhleb
 10205 | Lair:3   | Noticed a death yak
 10206 | Lair:3   | Noticed a death yak
 10212 | Lair:3   | Noticed a death yak
 10212 | Lair:3   | Noticed a death yak
 10212 | Lair:3   | Noticed a death yak
 10215 | Lair:3   | Noticed a death yak
 10232 | Lair:3   | Killed a death yak
 10235 | Lair:3   | Reached skill level 5 in Armour
 10245 | Lair:3   | Killed a death yak
 10253 | Lair:3   | Killed a death yak
 10256 | Lair:3   | Killed a death yak
 10257 | Lair:3   | Reached XP level 13. HP: 93/123 MP: 4/4
 10298 | Lair:3   | Found a hole to the Spider Nest.
 10689 | Lair:3   | You fall into a shaft and drop 2 floors!
 11140 | Lair:4   | Reached skill level 10 in Armour
 11145 | Lair:4   | Reached skill level 1 in Invocations
 11214 | Lair:4   | Reached skill level 5 in Invocations
 11987 | Lair:4   | Found a burning altar of Makhleb.
 12057 | Lair:5   | Identified a scroll of acquirement
 12058 | Lair:5   | Acquired 954 gold pieces
 12377 | Lair:5   | Reached skill level 10 in Invocations
 12768 | Lair:6   | Entered Level 6 of the Lair of Beasts
 12864 | Lair:6   | Reached ****** piety under Makhleb
 12865 | Lair:6   | Gained mutation: You resist negative energy. (rN+) [Deep
                  | Dwarf growth]
 12865 | Lair:6   | Reached XP level 14. HP: 74/132 MP: 7/7
 12973 | Lair:6   | Found a viscous altar of Jiyva.
 12973 | Lair:6   | Found a staircase to the Slime Pits.
 13314 | Lair:6   | Reached skill level 5 in Shields
 14672 | D:12     | Noticed Psyche
 14682 | D:12     | Killed Psyche
 14899 | D:12     | Reached skill level 17 in Axes
 15128 | D:12     | Noticed esper6's ghost (journeyman DgCj)
 15213 | D:12     | Found a transporter.
 15231 | D:12     | Found a transporter.
 15415 | Orc:1    | Entered Level 1 of the Orcish Mines
 15467 | Orc:1    | Found a transporter.
 15473 | Orc:1    | Noticed an orc warlord
 15475 | Orc:1    | Found a transporter.
 15784 | Orc:2    | Entered Level 2 of the Orcish Mines
 15787 | Orc:2    | Noticed Maurice
 15796 | Orc:2    | Killed Maurice
 15797 | Orc:2    | Noticed an orc warlord
 15829 | Orc:1    | Killed an orc warlord
 15854 | Orc:1    | Reached XP level 15. HP: 50/138 MP: 5/5
 16382 | Orc:2    | Found a staircase to the Elven Halls.
 16437 | Orc:2    | Reached skill level 18 in Axes
 16724 | Orc:2    | Found Raniwab's Book Shoppe.
 16724 | Orc:2    | Found Adescheu's Magic Scroll Shoppe.
 16725 | Orc:2    | Found Qyiras's Book Emporium.
 16729 | Orc:2    | Found Cefux's Antique Armour Emporium.
 16733 | Orc:2    | Bought a pair of glowing gloves for 262 gold pieces
 16738 | Orc:2    | Bought a scroll of teleportation for 33 gold pieces
 16738 | Orc:2    | Bought a scroll of teleportation for 33 gold pieces
 16738 | Orc:2    | Bought a scroll of teleportation for 33 gold pieces
 16738 | Orc:2    | Bought a scroll of teleportation for 33 gold pieces
 16738 | Orc:2    | Bought a scroll of fear for 38 gold pieces
 17080 | D:13     | Noticed Snorg
 17132 | D:13     | Killed Snorg
 17184 | D:13     | Found Otufoan's Jewellery Shop.
 17192 | D:13     | Bought the ring "Xaqulois" {rPois rF+ rN+ Str+6 Int-2} for
                  | 1380 gold pieces
 17416 | D:13     | Noticed Azrael
 17446 | D:13     | Reached skill level 19 in Axes
 17448 | D:13     | Identified the ring "Bieggon" {Will+ Dex+6}
 17474 | D:13     | Killed Azrael
 17580 | D:13     | Got Apuxiwk's Grimoire of Entrancing Translocation
 17593 | D:13     | Got the Reference Book on Fascination
 17868 | D:13     | Found a transporter.
 17872 | D:13     | Found a bloodstained altar of Trog.
 17872 | D:13     | Found a transporter.
 17872 | D:13     | Noticed Buchaag's ghost (novice MiMo)
 18222 | D:14     | Noticed Louise
 18254 | D:14     | Found an ancient bone altar of Kikubaaqudgha.
 18264 | D:14     | Noticed Jorgrun
 18320 | D:13     | Killed Louise
 18359 | D:14     | Found a flagged portal.
 18367 | Bailey   | Entered a bailey
 18402 | Bailey   | Reached skill level 20 in Axes
 18859 | Spider:1 | Entered Level 1 of the Spider Nest
 19066 | Spider:1 | Slain by a wolf spider

Illustrated notes

Levels and vault maps discovered:
D:1:      roderic_chinese_lattice_arrival, layout_loops_ring
D:2:      layout_basic, serial_shops, shop, minivault_11, uniq_natasha
D:3:      layout_loops_ring, minmay_joined_circles, uniq_terence
D:4:      layout_loops_ring, grunt_gozag_statues, cheibrodos_sewer_entry_drain
D:5:      layout_cave_pools, mainiacjoe_overflow_concentric_impassable,
          nicolae_tso_carved_into_rock, uniq_sigmund
D:6:      layout_loops_ring, serial_shops, nicolae_square_shop
D:7:      layout_basic, minmay_temple_entry_wispy
D:8:      layout_loops_ring, minitemple, minmay_ruined_shrine
D:9:      layout_rooms
D:10:     layout_loops_ring, minmay_orc_entry_temple_small, serial_shops, shop,
          minmay_tree_intersection, chequers_serial_rivers_large_a,
          grunt_ministairs_5
D:11:     lemuel_troll_bridge, layout_grid_maze, lair_entry_dummy,
          portal_ice_cave_rime, uniq_josephine
D:12:     layout_irregular_city, gammafunk_ghost_hive, minmay_misc_feat_roman,
          st_stairs_3, minmay_mirror_moons_of_madness, uniq_psyche
D:13:     minmay_the_grid_octo_tiled_squarecenter_mashed
          [minmay_the_grid_octo_concentric, minmay_the_grid_octo_clover_2,
          minmay_the_grid_octo_clover, minmay_the_grid_octo_teeth,
          minmay_the_grid_square_5x5_megaprize_open,
          minmay_the_grid_square_5x5_lines,
          minmay_the_grid_square_5x5_three_walls,
          minmay_the_grid_square_5x5_plus,
          minmay_the_grid_square_5x5_six_small], layout_loops_cross,
          gammafunk_ghost_wrathful_warriors, serial_shops, shop_statue,
          uniq_snorg, uniq_azrael
D:14:     layout_roguey, david_vaults_2, nicolae_kikubaaqudgha_miasma_corner,
          enter_bailey_2, biasface_ghost_orc_armoury, uniq_jorgrun, uniq_nessos,
          uniq_louise
Temple:   minmay_crystal_spiral_temple
Lair:1:   layout_roguey, grunt_forest_stairs_basic, lemuel_fruit_tree,
          grunt_megastairs_4
Lair:2:   layout_chaotic_city, nicolae_swamp_entry_splash_gauntlet,
          grunt_megastairs_3, lemuel_fruit_fields, infiniplex_staircase_pool_2
Lair:3:   layout_long_grid, dummy_spider_entry, serial_bayou_shore_b
Lair:4:   layout_cave_pods, lemuel_oklob_altar, grunt_megastairs_2,
          serial_bayou_shore_a
Lair:5:   layout_loops_ring, lemuel_old_faithful
Lair:6:   minmay_lair_end_enchanted_forest, layout_big_grid, slime_altar_1,
          serial_bayou_shore_b, minmay_lair_oklob_chamber
Spider:1: layout_chambers, nicolae_spider_eight_legs,
          hangedman_spider_tarantella_strand
Orc:1:    gammafunk_beogh_shrine, layout_caves
Orc:2:    st_orc_mages, layout_caves, basic_altar, uniq_maurice

Skill      XL: |  1  2  3  4  5  6  7  8  9 10 11 12 13 14 15 |
---------------+----------------------------------------------+-----
Fighting       | 1 2 5 10 | 10.1
Throwing       | 1 2 3 |  3.9
Long Blades    | 2 5 7 9 |  9.0
Axes           | 5 10 14 16 17 20 | 20.0
Armour         | 6 10 | 10.0
Invocations    | 11 12 13 | 13.2
Shields        | 8 |  8.0
Dodging        | |  2.1
Stealth        | |  2.4
Spellcasting   | |  2.6
Conjurations   | |  0.8
Summonings     | |  0.8
Translocations | |  1.1

Action                   |  1- 3 |  4- 6 |  7- 9 | 10-12 | 13-15 || total
-------------------------+-------+-------+-------+-------+-------++-------
Melee: Mace              |    68 |       |       |       |       ||    68
       Dagger            |     5 |       |       |       |       ||     5
       Whip              |    21 |   386 |   330 |       |       ||   737
       Great sword       |       |       |    16 |       |       ||    16
       Hand axe          |       |       |    58 |       |       ||    58
       Morningstar       |       |       |    66 |       |       ||    66
       War axe           |       |       |    47 |   553 |  1265 ||  1865
       Battleaxe         |       |       |       |       |    59 ||    59
Throw: Dart              |     9 |       |       |     6 |    23 ||    38
Invok: Minor Destruction |       |       |       |       |     2 ||     2
       Greater Servant o |       |       |       |       |     1 ||     1
 Abil: Heal Wounds       |     1 |     6 |    21 |    29 |    31 ||    88
Evoke: Wand              |       |       |     5 |    28 |    36 ||    69
       Phantom mirror    |       |       |       |       |     1 ||     1
  Use: Scroll            |       |       |       |    26 |    11 ||    37
       Potion            |       |       |       |     6 |    10 ||    16
 Stab: Sleeping          |     1 |     3 |       |       |       ||     4
       Petrified         |       |       |       |       |     3 ||     3
Armor: Robe              |    12 |       |       |       |       ||    12
       Ring mail         |    25 |    40 |       |       |       ||    65
       Plate armour      |       |   319 |   383 |   293 |   854 ||  1849
       Skin              |       |       |       |    12 |       ||    12
Dodge: Dodged            |    72 |   136 |   125 |   143 |   389 ||   865
Block: Buckler           |       |       |       |       |   180 ||   180
